 Dungeon Crawl Stone Soup version 0.19.0-2-gae57169 (webtiles) character file.

1476 mopl the Caller (level 8, -6/52 HPs)
             Began as a Mummy Summoner on Nov 6, 2016.
             Was a Follower of Sif Muna.
             Shot with an arrow by a centaur (18 damage)
             ... on level 6 of the Dungeon.
             The game lasted 00:19:35 (8323 turns).

mopl the Caller (Mummy Summoner)                    Turns: 8323, Time: 00:19:36

Health: -6/52      AC:  4    Str: 15    XL:     8   Next: 49%
Magic:  8/16       EV: 11    Int: 16    God:    Sif Muna [*.....]
Gold:   429        SH:  3    Dex: 12    Spells: 5 memorised, 4 levels left

rFire  x . .     SeeInvis .     a - +0 trident
rCold  + . .     Gourm    .     g - +0 robe
rNeg   + + +     Faith    .     A - +0 buckler
rPois  ∞         Spirit   .     t - +0 helmet
rElec  .         Reflect  .     (no cloak)
rCorr  .         Harm     .     (no gloves)
MR     +....                    q - +0 pair of boots
Stlth  ++........               (no amulet)
                                v - +3 ring of strength
                                (no ring)

@: very slightly contaminated
A: no food or potions, fire vulnerability, cold resistance 1, negative energy
resistance 3, torment resistance, unbreathing
a: Divine Energy, Renounce Religion


You were on level 6 of the Dungeon.
You worshipped Sif Muna.
Sif Muna was aware of your devotion.
You were not hungry.

You visited 2 branches of the dungeon, and saw 7 of its levels.
You also visited: Sewer.

You collected 429 gold pieces.

Inventory:

Hand Weapons
 a - a +0 trident (weapon)
 b - a +2 flail of protection
 r - a +2 dagger of draining
 u - a +2 dagger of freezing
 z - a +0 spear
Missiles
 n - 19 poisoned needles
Armour
 g - a +0 robe (worn)
 q - a +0 pair of boots (worn)
 t - a +0 helmet (worn)
 A - a +0 buckler (worn)
Jewellery
 d - an uncursed ring of ice
 v - a +3 ring of strength (right hand)
Wands
 s - a wand of polymorph (8/24)
Scrolls
 c - a scroll of noise
 e - a scroll of enchant armour
 h - a scroll of remove curse
 i - a scroll of fog
 k - a scroll of recharging
 l - a scroll of fear
 m - a scroll of amnesia
 o - 2 scrolls of magic mapping
 p - a scroll of teleportation
 w - a scroll of immolation
Books
 j - a book of Callings

   Spells                             Type                      Level
   a - Summon Small Mammal            Summoning                    1
   b - Call Imp                       Summoning                    2
   c - Call Canine Familiar           Summoning                    3
   d - Summon Guardian Golem          Hexes/Summoning              3
   e - Summon Lightning Spire         Summoning/Air                4
   f - Summon Ice Beast               Ice/Summoning                4


   Skills:
 - Level 1.5 Dodging
 - Level 1.5 Stealth
 + Level 1.2 Shields
 * Level 5.8 Spellcasting
 * Level 6.7 Summonings
 + Level 2.9 Ice Magic
 + Level 2.1 Air Magic
 - Level 0.6 Invocations


You had 4 spell levels left.
You knew the following spells:

 Your Spells              Type           Power        Failure   Level  Hunger
a - Summon Small Mammal   Summ           ####         1%          1    N/A
b - Call Imp              Summ           ####....     1%          2    N/A
c - Call Canine Familiar  Summ           ####....     4%          3    N/A
d - Summon Ice Beast      Ice/Summ       ###.....     30%         4    N/A
f - Summon Lightning Spi  Summ/Air       ###.....     38%         4    N/A

Dungeon Overview and Level Annotations

Branches:
Dungeon (6/15)             Temple (1/1) D:5

Altars:
Ashenzari
Cheibriados
Dithmenos
Elyvilon
Gozag
Hepliaklqana
Kikubaaqudgha
Makhleb
Nemelex Xobeh
Okawaru
Qazlal
Sif Muna
Trog
Uskayaw
Vehumet
Xom
Yredelemnul
Zin
The Shining One


Innate Abilities, Weirdness & Mutations

You do not eat or drink.
Your flesh is vulnerable to fire.
You are immune to poison.
Your flesh is cold resistant. (rC+)
You are immune to negative energy. (rN+++)
You are immune to unholy pain and torment.
You can survive without breathing.


Message History

Your hound's corpse disappears in a puff of smoke!
You see here an arrow.
The centaur shoots an arrow.
The arrow hits you!
The centaur shoots an arrow.
The arrow hits you!
* * * LOW HITPOINT WARNING * * *
You see here 2 arrows.
Unknown command.
The centaur shoots an arrow.
The arrow hits you.
* * * LOW HITPOINT WARNING * * *
You see here an arrow.
Unknown command.
Unknown command.
Unknown command.
Casting: Call Canine Familiar
Confirm with . or Enter, or press ? or * to list all spells.
Aiming: Summon Lightning Spire
Press: ? - help, Dir - move target cursor You miscast Summon Lightning Spire.
You are under the weather.
The centaur shoots an arrow.
The arrow hits you!!
You die...

...........# ......#...##.....##.
...........# ......J(..##......#.
...........# ......#...####....?.
....#......# ....r #...# #######.
...........# #... #o.(###...###.
...........###### #.c.##....(##.
.........#.....§####or.#.......#.
.........###...§§§##...'.......#.
.........# ##.§§@Y##Y..#....(..#.
........## #.§§§§§#§§.##....!##.
........# ###§§§§cr§.###...###.
........# ##################.
........# #..............
####....# #.############. #....#
#.# #......#. #....# #.#
#.####.#. #....# #.# #.#....#.


You could see an ice beast, a centaur and a quokka.

Vanquished Creatures
  A sky beast (D:6)
  Purgy (Sewer)
  An ice beast (D:6)
  2 ogres (D:5)
  3 scorpions
  A wight (D:5)
  2 howler monkeys
  A crimson imp (D:5)
  A hound (D:6)
  2 bullfrog skeletons
  2 iguanas
  3 worker ants
  Robin (D:3)
  A gnoll (D:5)
  6 adders
  A shadow imp (D:6)
  2 oozes
  An adder zombie (D:6)
  A worm (D:5)
  2 leopard geckos (D:5)
  8 orcs
  3 ball pythons
  2 giant cockroaches (D:5)
  7 goblins
  4 hobgoblins
  14 jackals
  3 kobolds
  A quokka (D:6)
  4 bats
  5 frilled lizards
  A jackal skeleton (D:4)
  2 quokka zombies
  9 rats
98 creatures vanquished.

Vanquished Creatures (collateral kills)
  A sky beast (D:5)
  An ogre (D:5)
  A gnoll sergeant (D:5)
  2 wights (D:5)
  A howler monkey (D:3)
  A crimson imp (D:5)
  A quasit (D:5)
  2 orc wizards (D:6)
  2 orc priests
  A hound (D:5)
  3 jellies
  Terence (D:2)
  4 gnolls (D:5)
  3 adders
  A river rat (D:4)
  2 shadow imps (D:5)
  3 worms (D:2)
  A leopard gecko (D:1)
  3 orcs
  5 bats
  3 giant cockroaches
  A goblin (D:3)
  4 hobgoblins
  5 jackals
  A ball python (D:4)
  A frilled lizard (D:1)
  4 rats
58 creatures vanquished.

Grand Total: 156 creatures vanquished

Notes
Turn   | Place    | Note
-------+----------+-------------------------------------------
     0 | D:1      | mopl the Mummy Summoner began the quest for the Orb.
     0 | D:1      | Reached XP level 1. HP: 13/13 MP: 3/3
   606 | D:1      | Reached XP level 2. HP: 12/19 MP: 3/5
   724 | D:1      | Learned a level 2 spell: Call Imp
  1297 | D:1      | Reached XP level 3. HP: 24/24 MP: 6/6
  1306 | D:1      | Learned a level 3 spell: Call Canine Familiar
  1541 | D:2      | Reached skill level 4 in Summonings
  1561 | D:2      | Noticed Terence
  1605 | D:2      | Killed Terence
  1944 | D:2      | Found a sparkling altar of Nemelex Xobeh.
  2148 | D:2      | Reached XP level 4. HP: 15/30 MP: 5/8
  2579 | D:3      | Reached skill level 3 in Spellcasting
  3209 | D:3      | Reached XP level 5. HP: 21/35 MP: 2/9
  3279 | D:3      | Learned a level 4 spell: Summon Ice Beast
  3518 | D:3      | Noticed Robin
  3724 | D:3      | Killed Robin
  3974 | D:3      | Found a hide-covered altar of Uskayaw.
  4129 | D:4      | Reached skill level 5 in Summonings
  4129 | D:4      | Reached skill level 1 in Ice Magic
  4132 | D:4      | Reached XP level 6. HP: 21/41 MP: 7/11
  4277 | D:4      | Found a glowing drain.
  4335 | Sewer    | Entered a sewer
  4411 | Sewer    | Noticed Purgy
  4438 | Sewer    | Killed Purgy
  4438 | Sewer    | Reached skill level 4 in Spellcasting
  4669 | D:4      | You fall through a shaft!
  4669 | D:5      | Entered Level 5 of the Dungeon
  4682 | D:5      | Found a staircase to the Ecumenical Temple.
  4718 | D:5      | Noticed a sky beast
  5240 | D:5      | Reached XP level 7. HP: 24/46 MP: 13/13
  5390 | D:4      | Learned a level 4 spell: Summon Lightning Spire
  5732 | D:5      | Reached skill level 2 in Ice Magic
  5732 | D:5      | Reached skill level 1 in Air Magic
  6055 | Temple   | Entered the Ecumenical Temple
  6314 | Temple   | Became a worshipper of Sif Muna the Loreminder
  6584 | D:5      | Reached skill level 5 in Spellcasting
  6584 | D:5      | Reached skill level 6 in Summonings
  6956 | D:5      | Reached XP level 8. HP: 25/52 MP: 8/15
  7122 | D:5      | Found a glowing golden altar of the Shining One.
  7453 | D:6      | Found a bloodstained altar of Trog.
  7461 | D:6      | Reached * piety under Sif Muna
  7609 | D:6      | Found a shadowy altar of Dithmenos.
  7785 | D:6      | Reached skill level 1 in Shields
  8035 | D:6      | Reached skill level 2 in Air Magic
  8323 | D:6      | Shot with an arrow by a centaur

Skill      XL: |  1  2  3  4  5  6  7  8 |
---------------+-------------------------+-----
Summonings     | 4 5 6 |  6.7
Spellcasting   | 3 4 5 |  5.8
Ice Magic      | 1 2 |  2.9
Air Magic      | 1 2 |  2.1
Shields        | 1 |  1.2
Dodging        | |  1.5
Stealth        | |  1.5
Invocations    | |  0.6

Action                   |  1- 3 |  4- 6 |  7- 9 || total
-------------------------+-------+-------+-------++-------
Melee: Unarmed           |    21 |       |       ||    21
       Short sword       |    50 |       |       ||    50
       Spear             |    98 |   136 |    61 ||   295
       Dagger            |       |    84 |   124 ||   208
       Flail             |       |     3 |     6 ||     9
       Trident           |       |       |    84 ||    84
 Cast: Summon Small Mamm |    20 |       |       ||    20
       Call Imp          |    11 |    13 |    13 ||    37
       Call Canine Famil |       |    16 |    15 ||    31
  Use: Scroll            |       |     9 |     7 ||    16
 Stab: Distracted        |     3 |       |     2 ||     5
       Sleeping          |       |     2 |     3 ||     5
Armor: Robe              |    52 |    59 |    60 ||   171
Dodge: Dodged            |   140 |   129 |   141 ||   410
Block: Buckler           |       |       |    14 ||    14
